 Dungeon Crawl Stone Soup version 0.16-a0-2622-gbfab2ba (webtiles) character file.

192 PolkaDot the Caller (level 5, 0/35 HPs)
             Began as a Vampire Summoner on Nov 22, 2014.
             Succumbed to a killer bee's poison
             ... on level 3 of the Dungeon.
             The game lasted 00:07:06 (1963 turns).

PolkaDot the Caller (Vampire Summoner)              Turns: 1963, Time: 00:07:06

Health: 0/35       AC:  3    Str:  7    XL:     5   Next: 42%
Magic:  9/9        EV: 12    Int: 18    God:
Gold:   106        SH:  0    Dex: 14    Spells: 3 memorised, 2 levels left

rFire  . . .     SeeInvis +     l - +0 rapier
rCold  . . .     Clarity  .     a - +0 robe
rNeg   . . .     SustAb   .     (no shield)
rPois  .         Gourm    .     (no helmet)
rElec  .         Spirit   .     (no cloak)
rCorr  .         Warding  .     k - +0 pair of gloves
rMut   .         Stasis   .     (no boots)
MR     .....                    (no amulet)
Stlth  ++........               (no ring)
                                (no ring)

@: lethally poisoned, regenerating quickly, not resistant to hostile
enchantments, unstealthy
A: bottle blood, fangs 3, see invisible, unbreathing
a: no special abilities


You were on level 3 of the Dungeon.
You were very full.

You visited 1 branch of the dungeon, and saw 3 of its levels.

You collected 106 gold pieces.

Inventory:

Hand weapons
 l - a +0 rapier (weapon)
Armour
 a - a +0 robe (worn)
 k - a +0 pair of gloves (worn)
 n - a cursed +0 leather armour
Jewellery
 c - an uncursed amulet of resist mutation {unknown}
Scrolls
 d - a scroll of teleportation {unknown}
 e - a scroll of remove curse {unknown}
 f - 3 scrolls of enchant weapon {unknown}
 g - a scroll of magic mapping
Potions
 j - 2 potions of brilliance
Books
 b - a book of Callings

   Spells                             Type                      Level
   *Summon Small Mammal               Summoning                    1
   *Call Imp                          Summoning                    2
   *Call Canine Familiar              Summoning                    3
   Summon Guardian Golem              Hexes/Summoning              4
   Summon Lightning Spire             Summoning/Air                4
   Summon Ice Beast                   Ice/Summoning                4


   Skills:
 * Level 3.1 Short Blades
 + Level 2.1 Armour
 - Level 2.1 Dodging
 - Level 3.0 Stealth
 - Level 2.0 Spellcasting
 - Level 5.1 Summonings


You had 2 spell levels left.
You knew the following spells:

 Your Spells              Type           Power        Failure   Level  Hunger
a - Summon Small Mammal   Summ           ###.         1%          1    #......
d - Call Canine Familiar  Summ           ###.....     10%         3    ###....
s - Call Imp              Summ           ###.....     3%          2    ###....


Dungeon Overview and Level Annotations

Branches:
Dungeon (3/15)

Altars:
Nemelex Xobeh
Vehumet


Innate Abilities, Weirdness & Mutations

Your natural rate of healing is unusually fast.
You can bottle blood from corpses.
You have razor-sharp teeth.
You have supernaturally acute eyesight.
You can survive without breathing.


Message History

* * * LOW HITPOINT WARNING * * *
Items here: ))) ÷ a club; a falchion; a flail; an orc skeleton Drink which item? (? for menu, Esc to quit)
Okay, then.
Read which item? (? for menu, Esc to quit)
As you read the scroll labeled NEOGIUPUI, it crumbles to dust.
You feel aware of your surroundings.
It was a scroll of magic mapping.
* * * LOW HITPOINT WARNING * * *
You feel sick.
The killer bee stings you but does no damage.
The killer bee stings you!
* * * LOW HITPOINT WARNING * * *
You are more poisoned.
The killer bee poisons you!
Read which item? (? for menu, Esc to quit)
As you read the scroll labeled DOACKI DUNLAA, it crumbles to dust.
Your +0 rapier glows dull ochre for a moment.
It was a scroll of random uselessness.
You die...

*,* *,*#.#...##.#######..*.#
****,* #,*#.⌠.⌠.##.....,,,,.*.*
,,,,,* #.##.._..##..#******,#.*
*********#(...⌠.⌠.....##*****,*,*
,* *,......#...)......#*,,,,,*,,
,****,*####...#.######.#*,*******
,,,**,* ##.##.## *,**,* ,,,**,*
#.*#..# ****,* ,,,**,* #.*##@##
******* ,****,* #.* #hy# *,,*,,**
,* *,* *,**##.# ***,,,,** ### ,*
*,* *,,,,,.# **,,,,**#.. ,*
**,**********,.#* ***,,,*###
,***,,,,,,,,,,**,..* ***,**
,**,,,*******,**,#.***** **,,,**
,**,,** *,**,*.#,,,***,,**,**
,**,,* *,*,,,..**,,,,*****,*


You could see a killer bee and a friendly hound.

Vanquished Creatures
  2 killer bees (D:3)
  An orc priest (D:3)
  Jessica (D:2)
  2 giant geckos (D:3)
  2 orcs (D:3)
  A ball python (D:1)
  6 bats
  4 giant cockroaches
  5 hobgoblins
  A quokka (D:2)
  5 giant newts
  4 goblins
  6 jackals
  3 kobolds
  4 rats
47 creatures vanquished.

Vanquished Creatures (collateral kills)
  An orc priest (D:3)
  An adder (D:2)
  An orc (D:3)
  A giant cockroach (D:1)
  2 goblins (D:2)
  4 hobgoblins
  2 jackals (D:2)
  5 kobolds
  A quokka (D:1)
  2 bats (D:1)
  A giant newt (D:2)
  2 rats
23 creatures vanquished.

Vanquished Creatures (others)
  A kobold (D:2)
  A quokka (D:1)
2 creatures vanquished.

Grand Total: 72 creatures vanquished

Notes
Turn   | Place    | Note
--------------------------------------------------------------
     0 | D:1      | PolkaDot, the Vampire Summoner, began the quest for the Orb.
     0 | D:1      | Reached XP level 1. HP: 13/13 MP: 3/3
   285 | D:1      | Reached XP level 2. HP: 11/19 MP: 4/4
   341 | D:1      | Learned a level 2 spell: Call Imp
   907 | D:1      | Reached skill level 1 in Armour
  1087 | D:2      | Found a radiant altar of Vehumet.
  1146 | D:2      | Reached XP level 3. HP: 18/24 MP: 3/6
  1293 | D:2      | Noticed Jessica
  1328 | D:1      | Learned a level 3 spell: Call Canine Familiar
  1336 | D:2      | Killed Jessica
  1358 | D:2      | Reached skill level 5 in Summonings
  1743 | D:3      | Reached XP level 4. HP: 23/30 MP: 7/7
  1860 | D:3      | Found a sparkling altar of Nemelex Xobeh.
  1912 | D:3      | Reached skill level 1 in Short Blades
  1945 | D:3      | Reached XP level 5. HP: 17/35 MP: 9/9
  1962 | D:3      | HP: 1/35 [killer bee (7)]
  1963 | D:3      | Succumbed to a killer bee's poison

Action                   |  1- 3 |  4- 6 || total
-------------------------+-------+-------++-------
Melee: Dagger            |   171 |       ||   171
       Unarmed           |     6 |       ||     6
       Rapier            |    12 |    64 ||    76
 Cast: Summon Small Mamm |    26 |       ||    26
       Call Canine Famil |     2 |     1 ||     3
  Use: Potion            |     1 |     2 ||     3
       Scroll            |     3 |     2 ||     5
 Stab: Sleeping          |     3 |       ||     3
       Distracted        |       |     1 ||     1
  Eat: Corpse            |    17 |     3 ||    20
